 Dungeon Crawl Stone Soup version 0.30-a0-857-gcaf70739d4 (webtiles) character file.

Game seed: 5967579646296364607

55498 ProzacElf the Unseen (level 14, 0/68 HPs)
             Began as a Spriggan Delver on Mar 5, 2023.
             Was the Champion of Wu Jian.
             Slain by a manticore (10 damage)
             ... on level 12 of the Dungeon on Mar 6, 2023.
             The game lasted 01:41:19 (22222 turns).

ProzacElf the Unseen (Spriggan Delver)             Turns: 22222, Time: 01:41:20

Health: 0/68       AC: 16    Str:  8    XL:     14   Next: 38%
Magic:  22/22      EV: 24    Int: 13    God:    Wu Jian [******]
Gold:   1934       SH:  0    Dex: 20    Spells: 8/23 levels left

rFire   . . .      SeeInvis +    b - staff of air
rCold   . . .      Faith    .    (shield currently unavailable)
rNeg    . . .      Spirit   .    W - +0 troll leather armour
rPois   .          Reflect  .    (helmet restricted)
rElec   +          Rampage  .    P - +2 cloak {rCorr}
rCorr   +                        (gloves unavailable)
Will    ++...                    (boots unavailable)
Stlth   ++++++                   D - amulet of regeneration
HPRegen 1.91/turn                X - +4 ring of protection
MPRegen 0.18/turn                R - +4 ring of protection {=R}

@: studying Conjurations, very quick
A: very small, no large weapons, unfitting armour, see invisible, speed 3
a: Renounce Religion, Wall Jump, Serpent's Lash, Heavenly Storm


You were on level 12 of the Dungeon.
You worshipped Wu Jian.
Wu Jian was exalted by your worship.
You visited 3 branches of the dungeon, and saw 18 of its levels.
You also visited: Ossuary and Ice Cave.

You collected 2227 gold pieces.
You spent 293 gold pieces at shops.

Inventory:

Hand Weapons
 a - a +3 short sword of draining
 j - a +1 demon whip of venom
 p - a +1 dagger of venom
 u - a +2 dagger of flaming
 A - a +2 rapier of distortion
Missiles
 F - 33 poisoned darts
 M - a curare-tipped dart
 T - 4 throwing nets
 Z - 5 boomerangs (quivered)
Armour
 N - +0 steam dragon scales
 P - a +2 cloak of preservation (worn)
 V - a +0 buckler
 W - a +0 troll leather armour (worn)
Magical Staves
 b - a staff of air (weapon)
Jewellery
 l - a ring of protection from fire
 n - a ring of protection from cold
 r - an amulet of the acrobat
 D - an amulet of regeneration (around neck)
 H - a ring of protection from cold
 R - a +4 ring of protection (right hand) {=R}
 X - a +4 ring of protection (left hand)
Wands
 g - a wand of digging (4)
 o - a wand of mindburst (12)
 v - a wand of light (8)
 w - a wand of polymorph (5)
 C - a wand of flame (8)
Scrolls
 c - 5 scrolls of fog
 d - 2 scrolls of magic mapping
 h - 2 scrolls of enchant armour
 m - a scroll of blinking
 q - 4 scrolls of silence
 s - 10 scrolls of vulnerability
 x - 2 scrolls of poison
 y - 5 scrolls of teleportation
 z - 3 scrolls of identify
 G - 2 scrolls of brand weapon
 J - 3 scrolls of immolation
 O - 3 scrolls of fear
Potions
 e - 4 potions of brilliance
 f - 7 potions of haste
 i - 7 potions of heal wounds
 k - 3 potions of lignification
 t - 10 potions of curing
 B - 4 potions of attraction
 E - 2 potions of berserk rage
 I - a potion of invisibility
 L - 2 potions of flight
 Q - 2 potions of ambrosia {!e}
 S - 2 potions of might
 U - 3 potions of resistance
Miscellaneous
 K - a phantom mirror
 Y - a piece from Xom's chessboard (15/15)


   Skills:
 - Level 5.0 Fighting
 + Level 13.6 Short Blades
 + Level 1.3 Staves
 - Level 5.0 Throwing
 - Level 5.0 Armour
 - Level 10.0 Dodging
 - Level 15.0 Stealth
 - Level 5.0 Spellcasting
 - Level 10.0 Conjurations
 - Level 5.0 Necromancy
 - Level 5.0 Translocations
 - Level 5.0 Air Magic
 - Level 5.0 Poison Magic
 - Level 12.0 Evocations


You had 8 spell levels left.
You knew the following spells:

 Your Spells              Type           Power      Damage    Failure   Level
a - Poisonous Vapours     Pois/Air       48%        N/A       4%          2
b - Cigotuvi's Dreadful   Necr/Pois/Air  48%        N/A       4%          2
c - Static Discharge      Conj/Air       68%        2-5/arc   1%          2
d - Mephitic Cloud        Conj/Pois/Air  30%        N/A       4%          3
e - Vhi's Electric Charg  Tloc/Air       48%        N/A       10%         3
f - Ignite Poison         Fire/Tmut/Pois 7%         N/A       36%         3

Your spell library contained the following spells:

 Spells                   Type           Power      Damage    Failure   Level
 Magic Dart               Conj           100%       1d8       1%          1
 Gell's Gravitas          Tloc           16%        N/A       10%         3
 Hailstorm                Conj/Ice       16%        3d6       10%         3
 Stone Arrow              Conj/Erth      32%        3d9       10%         3
 Teleport Other           Tloc           16%        N/A       10%         3
 Kindle Blastsparks       Fire/Tloc/Air  34%        2d12      21%         3
 Beastly Appendage        Tmut           6%         N/A       26%         1
 Freeze                   Ice            12%        1d3       26%         1
 Sandblast                Erth           6%         2d5       26%         1
 Summon Small Mammal      Summ           12%        N/A       26%         1
 Spider Form              Tmut/Pois      9%         N/A       26%         3
 Animate Dead             Necr           16%        N/A       32%         4
 Dispel Undead            Necr           16%        3d10      32%         4
 Flame Wave               Conj/Fire      16%        2d7       32%         4
 Sticky Flame             Conj/Fire      16%        2d4       32%         4
 Arcjolt                  Conj/Air       17%        1d27      32%         5
 Lightning Bolt           Conj/Air       17%        1d31      32%         5
 Passwall                 Tmut/Erth      2%         N/A       36%         2
 Wereblood                Tmut           3%         N/A       36%         2
 Call Canine Familiar     Summ           3%         N/A       58%         3
 Frozen Ramparts          Ice            6%         1d1       58%         3
 Inner Flame              Hex/Fire       3%         N/A       58%         3
 Summon Guardian Golem    Hex/Summ       3%         N/A       58%         3
 Freezing Cloud           Conj/Ice/Air   12%        6-21      65%         5
 Animate Armour           Summ/Erth      6%         N/A       94%         4
 Ice Form                 Ice/Tmut       3%         N/A       94%         4
 Summon Forest            Summ/Tloc      4%         N/A       94%         5
 Death Channel            Necr           8%         N/A       99%         6
 Dispersal                Tloc           8%         N/A       99%         6
 Summon Mana Viper        Hex/Summ       3%         N/A       100%        5
 Simulacrum               Ice/Necr       4%         N/A       100%        6
 Summon Cactus Giant      Summ           1%         N/A       100%        6
 Haunt                    Necr/Summ      4%         N/A       100%        7
 Infestation              Necr           8%         N/A       100%        8
 Lehudib's Crystal Spear  Conj/Erth      8%         10d3      100%        8


Dungeon Overview and Level Annotations

Branches:
Dungeon (12/15)            Temple (1/1) D:5            Lair (5/5) D:9
  Swamp (0/4) Lair:3        Snake (0/4) Lair:2        Slime (0/5) Lair:4
Ossuary (visited)           IceCv (visited)
    Orc: D:9-12

Altars:
Ashenzari
Cheibriados
Dithmenos
Elyvilon
Fedhas
Gozag
Hepliaklqana
Kikubaaqudgha
Makhleb
Nemelex Xobeh
Okawaru
Qazlal
Ru
Sif Muna
Trog
Uskayaw
Vehumet
Wu Jian
Xom
Yredelemnul
Zin
The Shining One
Jiyva
Lugonu

Shops:
D:9 :   D:10 *

Portals:
Abyss: Lair:5

Annotations:
D:8 1 transporter
D:10 OCS, exclusion: orange crystal statue
Lair:1 exclusion: oklob plant
Lair:5 exclusion: 4 oklob plants


Innate Abilities, Weirdness & Mutations

You are very small and have problems with some larger weapons.
You are too small for most types of armour.
You have supernaturally acute eyesight. (SInv)
You cover ground extremely quickly. (Speed+++)


Message History

Tha manticore misses ye.
Tha troll misses ye.
Tha troll barely misses ye.
Tha troll claws ye.
Ye hit tha manticore but do nay damage.
Tha manticore be electrocuted.
Tha manticore be moderately wounded.
Tha manticore bites ye but does nay damage.
Tha manticore claws ye.
Tha manticore completely misses ye.
Tha troll barely misses ye.
Tha troll claws ye!
Tha troll completely misses ye.
Ye take 9 damage, an' haf 29/68 hp.
Ye hit tha troll.
Tha troll be electrocuted!
Tha troll be heavily wounded.
Tha manticore barely misses ye.
Tha manticore claws ye.
Tha manticore misses ye.
Tha troll completely misses ye. x2
Tha troll claws ye but does nay damage.
Ye take 1 damage, an' haf 28/68 hp.
Ye hit tha troll but do nay damage.
Tha troll be electrocuted!
Tha troll be heavily wounded.
Tha manticore completely misses ye.
Tha manticore barely misses ye.
Tha manticore claws ye but does nay damage.
Tha troll closely misses ye.
Tha troll barely misses ye.
Tha troll claws ye but does nay damage.
Ye regain'd 3 hp, an' now haf 31/68 hp.
Ye hit tha troll but do nay damage.
Tha troll be electrocuted.
Tha troll be heavily wounded.
Tha manticore completely misses ye.
Tha manticore claws ye but does nay damage.
Tha manticore completely misses ye.
Tha troll closely misses ye.
Tha troll completely misses ye.
Tha troll claws ye but does nay damage.
Ye regain'd 2 hp, an' now haf 33/68 hp.
Ye hit tha troll but do nay damage.
Tha troll be electrocuted.
Tha troll be severely wounded.
Tha troll bites ye but does nay damage.
Tha troll completely misses ye. x2
Tha manticore barely misses ye.
Tha manticore completely misses ye.
Tha manticore misses ye.
Tha troll barely misses ye.
Tha troll completely misses ye.
Tha troll claws ye but does nay damage.
Tha manticore bites ye!
* * * LOW HITPOINT WARNIN'
* * * Tha manticore claws ye!
* * * LOW HITPOINT WARNIN'
* * * Tha manticore claws ye!
Ye die...

#...# #. #.... #.###...
#...... #..#..######
#..#.......#
#.....####+######
########................
.......#........@T..#
######.#.........H..# #
#.#.########.#.# #
#.#.###### ...# #
#.#.#....# ...#
######.#.#....# ...#
#....#.#.#....# .#.#
#....#<#.#....###.#.#
#....#.#......'.#


You could see a manticore and a troll.

Vanquished Creatures
  Harold (Lair:1)
  5 hydras
  A boulder beetle (Lair:5)
  3 two-headed ogres
  4 thrashing horrors (Lair:5)
  10 death yaks
  4 skysharks
  A fire crab (Lair:4)
  Amaemon (Lair:1)
  A bog body (IceCv)
  Pikel (D:4)
  A necromancer (IceCv)
  2 ugly things
  A salamander (Lair:2)
  5 elephants (Lair:4)
  2 torpor snails
  2 black mambas
  An orange demon (Lair:1)
  11 cane toads
  2 ice statues (IceCv)
  4 smoke demons (Lair:5)
  8 komodo dragons
  2 kobold demonologists (D:11)
  3 anaconda simulacra (IceCv)
  A rime drake (Lair:5)
  7 ice devils (IceCv)
  3 trolls
  An ancient zyme (Lair:5)
  A polar bear (Lair:5)
  5 tyrant leeches
  15 blink frogs (Lair:5)
  4 slime creatures (D:12)
  3 dire elephant simulacra (IceCv)
  A ynoxinul (Lair:5)
  6 wyverns
  A shadow (D:11)
  2 spriggans (Lair:5)
  4 wraiths
  A vampire (D:9)
  31 yaks
  7 vampire mosquitoes
  A chaos spawn (Lair:5)
  2 steam dragons
  6 basilisks
  2 harpy simulacra (IceCv)
  7 water moccasins
  2 hydra simulacra (IceCv)
  Duvessa (D:7)
  2 sky beasts
  5 orc warriors
  An ice beast (D:7)
  An ogre (D:5)
  2 black bears
  11 wolves
  4 centaurs
  2 lemures (D:4)
  Blork the orc (D:4)
  5 bullfrogs
  A gnoll sergeant (D:7)
  3 kobold brigands
  2 cane toad simulacra (IceCv)
  3 scorpions
  A two-headed ogre simulacrum (IceCv)
  6 wights
  7 small abominations (Lair:5)
  Dowan (D:6)
  10 killer bees
  6 electric eels
  3 lava snakes (Lair:2)
  4 hounds
  13 jellies
  Crazy Yiuf (D:7)
  8 orc priests
  A gnoll bouda (D:6)
  A sleepcap (D:6)
  Jessica (D:3)
  4 iguanas
  Natasha (D:1)
  5 hell rats (Lair:4)
  11 orc wizards
  A spriggan simulacrum (IceCv)
  A wolf simulacrum (IceCv)
  14 gnolls
  6 adders
  A shadow imp (D:6)
  2 white imps
  An adder zombie (Ossuary)
  4 worms
  4 dart slugs (D:2)
  51 orcs
  4 ball pythons
  5 bats
  10 endoplasms
  8 giant cockroaches
  6 goblins
  9 hobgoblins
  8 jackals
  20 kobolds
  5 quokkas
  3 ball python skeletons (Ossuary)
  5 frilled lizards
  A hobgoblin zombie (Ossuary)
  A kobold zombie (Ossuary)
  3 orc zombies (Ossuary)
  4 rats
494 creatures vanquished.

Vanquished Creatures (others)
  16 fungi
  58 plants
74 creatures vanquished.

Grand Total: 568 creatures vanquished

Notes
Turn   | Place    | Note
-------+----------+-------------------------------------------
     0 | D:5      | ProzacElf the Spriggan Delver began the quest for the Orb.
     0 | D:5      | Reached XP level 1. HP: 11/11 MP: 2/2
    15 | Temple   | Entered the Ecumenical Temple
   209 | Temple   | Became a worshipper of the Wu Jian Council
   368 | D:3      | Noticed an orc wizard
   466 | D:1      | Reached XP level 2. HP: 16/16 MP: 3/3
   660 | D:1      | Reached * piety under Wu Jian
   675 | D:1      | Reached skill level 8 in Stealth
   681 | D:1      | Reached XP level 3. HP: 16/19 MP: 4/4
  1160 | D:1      | Found a faded altar of an unknown god.
  1431 | D:2      | Reached XP level 4. HP: 16/23 MP: 5/5
  1469 | D:2      | Noticed Natasha
  1516 | D:1      | Killed Natasha
  1516 | D:1      | Reached ** piety under Wu Jian
  1772 | D:2      | Reached skill level 9 in Stealth
  1817 | D:2      | Reached XP level 5. HP: 14/27 MP: 6/6
  2628 | D:3      | Noticed Jessica
  2637 | D:3      | Killed Jessica
  2696 | D:4      | Reached *** piety under Wu Jian
  2697 | D:4      | Reached skill level 5 in Short Blades
  2773 | D:4      | Reached XP level 6. HP: 32/32 MP: 7/7
  2822 | D:4      | Noticed Pikel
  2829 | D:4      | Noticed Blork the orc
  2934 | D:4      | Killed Pikel
  2935 | D:4      | Reached skill level 10 in Stealth
  2935 | D:4      | Reached XP level 7. HP: 15/35 MP: 8/8
  3059 | D:4      | Reached skill level 1 in Evocations
  3106 | D:4      | Killed Blork the orc
  3502 | D:5      | Reached XP level 8. HP: 39/39 MP: 9/9
  3833 | D:5      | Reached skill level 5 in Dodging
  3957 | D:5      | Found a basalt altar of Yredelemnul.
  4188 | D:5      | Reached skill level 5 in Evocations
  4653 | D:6      | Found a sand-covered staircase.
  4667 | Ossuary  | Entered an ossuary
  4770 | Ossuary  | Noticed a flying skull
  4778 | Ossuary  | Noticed a flying skull
  4792 | Ossuary  | Noticed a flying skull
  4799 | Ossuary  | Reached **** piety under Wu Jian
  4821 | Ossuary  | Noticed a flying skull
  5024 | D:6      | Reached skill level 1 in Spellcasting
  5044 | D:6      | Reached XP level 9. HP: 43/43 MP: 10/12
  5406 | D:6      | Identified the +3 spear of the Lesser Evil {vamp, Str+5
                  | Dex+3}
  5682 | D:7      | Noticed Duvessa
  5682 | D:7      | Noticed Dowan
  5684 | D:7      | Killed Duvessa
  5877 | D:6      | Killed Dowan
  5878 | D:6      | Reached skill level 5 in Spellcasting
  5881 | D:6      | Learned a level 2 spell: Poisonous Vapours
  5884 | D:6      | Learned a level 2 spell: Cigotuvi's Dreadful Rot
  5887 | D:6      | Learned a level 2 spell: Static Discharge
  6174 | D:6      | Reached skill level 1 in Air Magic
  6221 | D:7      | Found an opulent altar of Gozag.
  6753 | D:7      | Found an iron altar of Okawaru.
  6901 | D:7      | Found a runed translucent door.
  6902 | D:7      | Noticed Crazy Yiuf
  6916 | D:7      | Killed Crazy Yiuf
  7338 | D:8      | Found a broken altar of Ashenzari.
  7338 | D:8      | Found a glowing silver altar of Zin.
  7377 | D:8      | Found a transporter.
  7388 | D:8      | Found a transporter.
  7389 | D:8      | Found a transporter.
  7433 | D:8      | Reached skill level 1 in Conjurations
  7615 | D:8      | Found a transporter.
  8041 | D:8      | Learned a level 3 spell: Mephitic Cloud
  8045 | D:8      | Learned a level 3 spell: Vhi's Electric Charge
  8263 | D:9      | Found Wewek's Book Shop.
  8291 | D:9      | Reached ***** piety under Wu Jian
  8331 | D:9      | Noticed a troll
  8347 | D:9      | Killed a troll
  8348 | D:9      | Reached XP level 10. HP: 37/50 MP: 9/18
  8598 | D:9      | Identified a scroll of acquirement
  8598 | D:9      | Acquired 1018 gold pieces
  8604 | D:9      | Found a blossoming altar of Fedhas.
  8663 | D:9      | HP: 1/51 [vampire (9)]
  8687 | D:9      | Reached skill level 1 in Translocations
  9005 | D:9      | Reached skill level 5 in Fighting
  9215 | D:9      | Reached skill level 5 in Air Magic
  9297 | D:9      | Reached skill level 1 in Necromancy
  9371 | D:9      | Found a staircase to the Lair.
  9495 | Lair:1   | Entered Level 1 of the Lair of Beasts
  9547 | Lair:1   | Noticed Harold
  9578 | Lair:1   | Killed Harold
  9658 | Lair:1   | Noticed Amaemon
  9663 | Lair:1   | Noticed an orange demon
  9684 | Lair:1   | Killed Amaemon
  9685 | Lair:1   | Reached skill level 10 in Evocations
  9691 | Lair:1   | Killed an orange demon
 10067 | Lair:1   | Reached XP level 11. HP: 55/55 MP: 3/19
 10205 | Lair:1   | Noticed an oklob plant
 10391 | Lair:1   | Reached skill level 1 in Poison Magic
 11014 | Lair:2   | Reached skill level 5 in Translocations
 11411 | Lair:2   | Found a staircase to the Snake Pit.
 11981 | Lair:2   | Reached skill level 1 in Throwing
 12427 | Lair:2   | Reached skill level 5 in Conjurations
 12820 | Lair:3   | Noticed a skyshark
 12875 | Lair:3   | Killed a skyshark
 13093 | Lair:3   | Found a staircase to the Swamp.
 13286 | Lair:3   | Noticed a death yak
 13354 | Lair:3   | Killed a death yak
 13809 | Lair:4   | Reached skill level 5 in Throwing
 14046 | Lair:4   | Reached XP level 12. HP: 60/60 MP: 20/20
 14103 | Lair:4   | Noticed a death yak
 14433 | Lair:4   | Reached skill level 10 in Conjurations
 14481 | Lair:4   | Found a staircase to the Slime Pits.
 14482 | Lair:4   | Found a viscous altar of Jiyva.
 14511 | Lair:4   | You fall into a shaft and drop 1 floor!
 14511 | Lair:5   | Entered Level 5 of the Lair of Beasts
 14534 | Lair:5   | Noticed a five-headed hydra
 14540 | Lair:5   | Killed a five-headed hydra
 14637 | Lair:4   | Noticed a four-headed hydra
 14762 | Lair:4   | Killed a four-headed hydra
 14763 | Lair:4   | Reached skill level 11 in Stealth
 15082 | Lair:4   | Noticed a death yak
 15145 | Lair:4   | Noticed a death yak
 15185 | Lair:4   | Killed a death yak
 15186 | Lair:4   | Reached skill level 12 in Stealth
 15200 | Lair:4   | Killed a death yak
 15201 | Lair:4   | Reached skill level 10 in Dodging
 15212 | Lair:4   | Killed a death yak
 15213 | Lair:4   | Reached skill level 13 in Stealth
 15393 | Lair:4   | Reached skill level 14 in Stealth
 15417 | Lair:4   | Noticed a six-headed hydra
 15434 | Lair:4   | Killed a six-headed hydra
 15702 | Lair:5   | Reached skill level 15 in Stealth
 15917 | Lair:5   | Noticed a boulder beetle
 15950 | Lair:5   | Killed a boulder beetle
 15951 | Lair:5   | Reached XP level 13. HP: 63/63 MP: 10/21
 16305 | Lair:5   | Reached skill level 5 in Poison Magic
 16477 | Lair:4   | Reached skill level 1 in Armour
 16477 | Lair:4   | Reached skill level 5 in Necromancy
 18084 | Lair:5   | Reached skill level 10 in Short Blades
 18110 | Lair:5   | Reached ****** piety under Wu Jian
 18704 | Lair:5   | Reached skill level 5 in Armour
 18714 | Lair:5   | Found a corrupted altar of Lugonu.
 18714 | Lair:5   | Found a one-way gate to the infinite horrors of the Abyss.
 18722 | Lair:5   | Identified the +6 great sword "Zimuitag" {flame, *Rage
                  | rElec Will+++ Str+5}
 19119 | D:10     | Entered Level 10 of the Dungeon
 19146 | D:10     | Learned a level 3 spell: Ignite Poison
 19468 | D:10     | Found Sulyerext's Assorted Antiques.
 19475 | D:10     | Bought a scroll of teleportation for 99 gold pieces
 19475 | D:10     | Bought a scroll of teleportation for 99 gold pieces
 19475 | D:10     | Bought a viscous golden potion for 29 gold pieces
 19475 | D:10     | Bought a scroll of identify for 66 gold pieces
 19522 | D:10     | Found a radiant altar of Vehumet.
 19525 | D:10     | Got Vehumet's Directory of Impulse
 19527 | D:10     | Found an ancient bone altar of Kikubaaqudgha.
 19528 | D:10     | Found a shimmering blue altar of Sif Muna.
 19577 | D:10     | Found a sacrificial altar of Ru.
 19617 | D:10     | Reached XP level 14. HP: 68/68 MP: 22/22
 19774 | D:10     | Found a hide-covered altar of Uskayaw.
 20141 | D:11     | Found a frozen archway.
 20183 | IceCv    | Entered an ice cave
 22073 | D:12     | Reached skill level 1 in Staves
 22222 | D:12     | Slain by a manticore

Illustrated notes

Levels and vault maps discovered:
D:1:      amcnicky_arrival_feature_with_door, layout_rooms,
          basic_ecumenical_altar
D:2:      layout_rooms, reono_crystal_passage, uniq_natasha
D:3:      layout_basic, minmay_misc_feat_tiny, kennysheep_jessica_study
D:4:      layout_rooms, uniq_pikel, uniq_blork_the_orc
D:5:      mumra_celtic_spiral_tile, layout_basic, pf_just_have_faith,
          minmay_temple_entry_offerings
D:6:      layout_rooms, nicolae_ossuary_entry_false_entrances
D:7:      layout_loops_ring, grunt_gozag_breadcrumbs,
          mainiacjoe_overflow_alcove_1, kennysheep_diamond,
          hangedman_abyss_or_decor_lesser_grid, kennysheep_minor_cross,
          minmay_manual_mares, uniq_duvessa, uniq_crazy_yiuf_cottage
D:8:      layout_gridville, grunt_temple_overflow_open,
          nicolae_transporter_circle
D:9:      layout_roguey [special_room_orc], fedhas_altar_3, david_lair_shrubbed,
          serial_shops, nicolae_shop_waterfront
D:10:     minmay_statue_hallways, layout_basic,
          grunt_temple_overflow_magic_moments, dancing_weapons_uskayaw,
          nicolae_ru_the_path_less_chosen, serial_shops, nicolae_shop_stone,
          hangedman_decor_clover_reticule, st_stairs_12
D:11:     layout_stronghold, portal_ice_cave_entry_pillars_1
D:12:     layout_basic, orc_0_dummy, kennysheep_generic_room_12
Temple:   jpeg_temple_clearing
Lair:1:   layout_roguey, grunt_forest_small_clearings,
          chequers_serial_rivers_small_3, minivault_23,
          minmay_lair_oklob_bushes, grunt_megastairs_5, lemuel_fruit_fields,
          uniq_harold, uniq_amaemon
Lair:2:   layout_misc_corridors, nicolae_snake_entry_warm_welcome,
          serial_bayou_lake_a, grunt_megastairs_1
Lair:3:   layout_regular_city, minmay_swamp_entry_worms
Lair:4:   nzn_winding_woodlands_cross [nzn_winding_woodlands_5x15_zeroes,
          nzn_winding_woodlands_5x15_lazy_stream,
          nzn_winding_woodlands_5x15_parted, nzn_winding_woodlands_5x15_garden,
          nzn_winding_woodlands_15x15_thick_spiral], layout_regular_city,
          minmay_slime_entry_jelly_boxes
Lair:5:   hellmonk_lair_end_abyssal_woods, layout_gridlike, dpeg_oklob_1

Skill      XL: |  1  2  3  4  5  6  7  8  9 10 11 12 13 14 |
---------------+-------------------------------------------+-----
Short Blades   | 3 4 5 8 11 13 | 13.6
Stealth        | 8 9 10 15 | 15.0
Dodging        | 4 8 10 | 10.0
Evocations     | 3 7 8 11 12 | 12.0
Spellcasting   | 1 5 |  5.0
Air Magic      | 3 5 |  5.0
Fighting       | 4 5 |  5.0
Conjurations   | 2 3 8 10 | 10.0
Translocations | 3 5 |  5.0
Necromancy     | 3 4 5 |  5.0
Poison Magic   | 3 4 5 |  5.0
Throwing       | 5 |  5.0
Armour         | 5 |  5.0
Staves         | 1 |  1.3

Action                     |  1- 3 |  4- 6 |  7- 9 | 10-12 | 13-15 || total
---------------------------+-------+-------+-------+-------+-------++-------
  Melee: Short sword       |   154 |    33 |   347 |  1195 |   885 ||  2614
         Punch             |     1 |     3 |     1 |    14 |    15 ||    34
         Rapier            |    30 |   120 |       |       |       ||   150
         Dagger            |       |    23 |    28 |       |    28 ||    79
         Quarterstaff      |       |       |       |    38 |       ||    38
         Staff             |       |       |       |       |   538 ||   538
   Fire: Sling             |       |     8 |     3 |       |       ||    11
  Throw: Stone             |       |     2 |     1 |       |       ||     3
         Dart              |       |       |    10 |     5 |       ||    15
         Boomerang         |       |       |       |     3 |     9 ||    12
         Throwing net      |       |       |       |     1 |       ||     1
   Cast: Poisonous Vapours |       |       |    33 |   138 |    48 ||   219
         Cigotuvi's Dreadf |       |       |     2 |     5 |       ||     7
         Static Discharge  |       |       |     1 |     9 |     4 ||    14
         Vhi's Electric Ch |       |       |       |     5 |     8 ||    13
         Mephitic Cloud    |       |       |       |     2 |     1 ||     3
         Ignite Poison     |       |       |       |       |     1 ||     1
 Invoke: Heavenly Storm    |       |       |       |     1 |     1 ||     2
         Serpent's Lash    |       |       |       |       |     1 ||     1
Ability: Lunge             |    11 |    12 |    40 |    58 |    49 ||   170
         Whirlwind         |       |     3 |     4 |    37 |   150 ||   194
  Evoke: Wand              |       |     1 |     2 |    16 |    30 ||    49
    Use: Scroll            |     2 |       |    12 |    13 |     5 ||    32
         Potion            |     1 |     1 |       |     1 |     2 ||     5
   Stab: Sleeping          |     6 |     8 |    27 |    11 |    22 ||    74
         Distracted        |       |     2 |       |     5 |     3 ||    10
         Invisible         |       |     1 |     1 |     1 |     3 ||     6
         Paralysed         |       |       |       |     1 |       ||     1
         Confused          |       |       |       |     3 |       ||     3
 Armour: Robe              |    19 |    29 |    34 |       |       ||    82
         Troll leather arm |       |       |       |   168 |   304 ||   472
  Dodge: Dodged            |   144 |   126 |   264 |   888 |  1491 ||  2913

Table legend: (Time is in decaauts)
 A = Elapsed time spent in this place.
 B = Non-inter-level travel time spent in this place.
 C = Inter-level travel time spent in this place.
 D = Time resting spent in this place.
 E = Time spent auto-exploring this place.
 F = Levels seen in this place.
 G = Mean time per level.
                   A        B        C        D        E       F      G
               +--------+--------+--------+--------+--------+-----+--------+
         Total |  16234 |  15758 |    476 |   4460 |   5795 |  20 |  811.7 |
       Dungeon |   7815 |   7615 |    200 |   1856 |   3352 |  12 |  651.2 |
        Temple |    126 |    126 |      0 |      0 |     65 |   1 |  126.0 |
          Lair |   7212 |   6936 |    276 |   2338 |   2283 |   5 | 1442.4 |
       Ossuary |    165 |    165 |      0 |      0 |     20 |   1 |  165.0 |
      Ice Cave |    914 |    914 |      0 |    266 |     73 |   1 |  914.0 |
               +--------+--------+--------+--------+--------+-----+--------+

Top non-repeatable levels by time:
  Lair:5: 2364 daAuts
  Lair:4: 1461 daAuts
  Lair:2: 1381 daAuts
  Lair:1: 1023 daAuts
     D:5: 989 daAuts
  Lair:3: 981 daAuts
   IceCv: 914 daAuts
     D:6: 898 daAuts
     D:7: 887 daAuts
     D:9: 770 daAuts
     D:8: 757 daAuts
     D:1: 724 daAuts
    D:11: 659 daAuts
     D:2: 531 daAuts
     D:3: 512 daAuts
